 Dungeon Crawl Stone Soup version 0.20.0-7-g3b7b877 (webtiles) character file.

49 Mesmaeker13 the Vexing (level 3, 0/24 HPs)
             Began as a Vampire Enchanter on May 29, 2017.
             Slain by an adder (4 damage)
             ... on level 2 of the Dungeon.
             The game lasted 00:03:34 (1039 turns).

Mesmaeker13 the Vexing (Vampire Enchanter)          Turns: 1039, Time: 00:03:35

Health: 0/24       AC:  3    Str:  7    XL:     3   Next: 53%
Magic:  0/6        EV: 13    Int: 22    God:
Gold:   51         SH:  0    Dex: 15    Spells: 2/6 levels left

rFire    . . .     SeeInvis +   h - +0 dagger (speed)
rCold    + . .     Gourm    .   (no shield)
rNeg     + . .     Faith    .   b - +0 robe
rPois    .         Spirit   .   (no helmet)
rElec    .         Reflect  .   (no cloak)
rCorr    .         Harm     .   l - +0 pair of gloves
MR       .....                  (no boots)
Stlth    +++.......             (no amulet)
Regen    0.1/turn               (no ring)
MPRegen  0.1/turn               (no ring)

@: brilliant, lethally poisoned (0 -> -3), very slightly contaminated
A: fangs 3, see invisible, cold resistance 1, mutation resistance 1, sense
surroundings 1, wild magic 1, unbreathing
a: Bat Form


You were on level 2 of the Dungeon.
You were not thirsty.

You visited 1 branch of the dungeon, and saw 2 of its levels.

You collected 51 gold pieces.

Inventory:

Hand Weapons
 h - a +0 dagger of speed (weapon)
Armour
 b - a +0 robe (worn)
 l - a +0 pair of gloves (worn)
Scrolls
 f - a scroll of noise {unknown}
 g - a scroll of fog {unknown}
 i - 2 scrolls of identify {unknown}
 j - 2 scrolls of magic mapping {unknown}
 n - 2 scrolls of remove curse {unknown}
 o - a scroll of recharging {unknown}
Potions
 a - a potion of mutation
 d - 7 potions of blood
 k - a potion of brilliance
 m - a potion of cancellation {unknown}
 p - a potion of might {unknown}
Books
 c - a book of Maledictions

   Spells                             Type                      Level
   a - Corona                         Hexes                        1
   b - Ensorcelled Hibernation        Hexes/Ice                    2
   c - Confuse                        Hexes                        3
   d - Tukima's Dance                 Hexes                        3
   e - Dazzling Spray                 Conjuration/Hexes            3


   Skills:
 + Level 2.2 Short Blades
 + Level 3.0 Dodging
 - Level 4.4 Stealth
 - Level 2.0 Spellcasting
 + Level 5.3 Hexes


You had 2 spell levels left.
You knew the following spells:

 Your Spells              Type           Power        Failure   Level  Hunger
a - Corona                Hex            ######.      1%          1    #......
b - Confuse               Hex            ######..     1%          3    ###....


Dungeon Overview and Level Annotations

Branches:
Dungeon (2/15)

Altars:


Innate Abilities, Weirdness & Mutations

You have razor-sharp teeth.
You have supernaturally acute eyesight. (SInv)
You can survive without breathing.
Your flesh is cold resistant. (rC+)
You are somewhat resistant to further mutation.
You passively map a small area around you.
Your spells are a little harder to cast, but a little more powerful.


Message History

You feel a strange attunement to the structure of the dungeons.
You feel resistant to cold.
You feel genetically stable. The adder barely misses you. The adder bites you.
* * * LOW HITPOINT WARNING * * *
It was a potion of curing.
You feel better. The adder bites you but does no damage.
Casting: Confuse
Confirm with . or Enter, or press ? or * to list all spells.
Aiming: Corona
Press: ? - help, Shift-Dir - straight line, f/p - adder
Aim: an adder (heavily wounded, chance to defeat MR: 86%)
The adder is outlined in light.
The adder bites you.
* * * LOW HITPOINT WARNING * * *
You are poisoned.
The adder poisons you!
You hit the adder but do no damage.
The adder is heavily wounded.
* * * LOW HITPOINT WARNING * * *
You feel sick. The adder bites you.
You die...

#..........#
#..........# *
#..........# ,
##+######..S.......####
*
#...?....######........
#........######........
*
#..?.....#...##........
*
#........#...##........
*
#....S@..#...##........
##.##....)...รท.........
#,*#.####...##........ ,
#.* #...########## *, ..
#...# , ###* #...# *
#...# #...# #..%#


You could see an adder.

Vanquished Creatures
  3 adders (D:2)
  A dart slug (D:1)
  3 giant cockroaches
  2 hobgoblins (D:1)
  A quokka (D:2)
  A ball python (D:2)
  3 bats (D:1)
  3 goblins
  A kobold (D:2)
  4 rats
22 creatures vanquished.

Notes
Turn   | Place    | Note
-------+----------+-------------------------------------------
     0 | D:1      | Mesmaeker13 the Vampire Enchanter began the quest for the Orb.
     0 | D:1      | Reached XP level 1. HP: 13/13 MP: 3/3
   351 | D:1      | Reached XP level 2. HP: 19/19 MP: 5/5
   835 | D:2      | Reached skill level 5 in Hexes
   847 | D:2      | Reached XP level 3. HP: 20/24 MP: 6/6
   985 | D:2      | Learned a level 3 spell: Confuse
  1036 | D:2      | Gained mutation: Your spells are a little harder to cast, but a little more powerful. [potion of mutation]
  1036 | D:2      | Gained mutation: You passively map a small area around you. [potion of mutation]
  1036 | D:2      | Gained mutation: Your flesh is cold resistant. (rC+) [potion of mutation]
  1036 | D:2      | Gained mutation: You are somewhat resistant to further mutation. [potion of mutation]
  1036 | D:2      | HP: 1/24 [adder (2)]
  1039 | D:2      | Slain by an adder

Skill      XL: |  1  2  3 |
---------------+----------+-----
Short Blades   | 2 |  2.2
Hexes          | 5 |  5.3
Dodging        | 3 |  3.0
Stealth        | |  4.4
Spellcasting   | |  2.0

Action                   || total
-------------------------++-------
Melee: Dagger            ||   110
       Bite              ||     8
 Cast: Corona            ||     6
       Confuse           ||     2
  Use: Potion            ||     4
 Stab: Sleeping          ||     5
       Confused          ||     1
Armor: Robe              ||    23
Dodge: Dodged            ||    84
